 Dungeon Crawl Stone Soup version 0.22.1-5-g62c59d919a (webtiles) character file.

554 Gargoyl the Skirmisher (level 7, -2/59 HPs)
             Began as a Centaur Abyssal Knight on Jan 8, 2019.
             Was a Believer of Lugonu.
             Slain by an iguana (7 damage)
             ... on level 5 of the Dungeon.
             The game lasted 00:06:30 (6201 turns).

Gargoyl the Skirmisher (Centaur Abyssal Knight)     Turns: 6201, Time: 00:06:31

Health: -2/59      AC:  9    Str: 15    XL:     7   Next: 8%
Magic:  9/9        EV:  3    Int: 11    God:    Lugonu [**....]
Gold:   308        SH:  0    Dex: 10    Spells: 6/6 levels left

rFire    . . .     SeeInvis .   m - +3 hand axe (chop)
rCold    . . .     Gourm    .   (no shield)
rNeg     . . .     Faith    .   k - +0 plate armour
rPois    .         Spirit   .   (no helmet)
rElec    .         Reflect  .   (no cloak)
rCorr    .         Harm     .   (no gloves)
MR       +....                  (no barding)
Stlth    ..........             (no amulet)
HPRegen  0.19/turn              f - ring of protection from magic
MPRegen  0.11/turn              (no ring)

@: very quick
A: large, hooves 3, deformed body, speed 2, tough skin 3
a: Depart the Abyss, Bend Space, Renounce Religion


You were on level 5 of the Dungeon.
You worshipped Lugonu.
Lugonu was pleased with you.
You were hungry.

You visited 1 branch of the dungeon, and saw 5 of its levels.
You visited the Abyss 1 time.

You collected 308 gold pieces.

Inventory:

Hand Weapons
 a - a +1 hand axe
 m - a +3 hand axe of chopping (weapon)
 p - a +1 war axe
Armour
 k - a +0 plate armour (worn)
Jewellery
 f - a ring of protection from magic (left hand)
Scrolls
 g - a scroll of identify
 i - 3 scrolls of remove curse
 o - a scroll of fog
 q - a scroll of teleportation
Potions
 b - a potion of magic
 d - a potion of invisibility
 e - 3 potions of brilliance
 h - a potion of might {unknown}
 j - a potion of curing
 l - a potion of agility {unknown}
 r - a potion of berserk rage {unknown}
Comestibles
 c - 5 rations


   Skills:
 + Level 4.0 Fighting
 + Level 3.3 Axes
 * Level 3.9 Armour
 * Level 2.0 Dodging
 * Level 3.4 Invocations


You had 6 spell levels left.
You didn't know any spells.
Your spell library was empty.

Dungeon Overview and Level Annotations

Branches:
Dungeon (5/15)
 Temple: D:4-7

Altars:


Innate Abilities, Weirdness & Mutations

You have hooves in place of feet.
Armour fits poorly on your strangely shaped body.
You cover ground very quickly.
You have extremely tough skin. (AC +3)


Message History

The orc wizard hits you but does no damage.
The iguana bites you.
* * * LOW HITPOINT WARNING * * *
You barely miss the centaur.
The centaur is almost dead.
You hit the iguana but do no damage.
Your plate armour prevents you from hitting the orc wizard.
The centaur hits you.
* * * LOW HITPOINT WARNING * * *
The orc wizard hits you but does no damage.
The iguana bites you but does no damage.
The centaur hits you.
* * * LOW HITPOINT WARNING * * *
Your plate armour prevents you from hitting the centaur.
The centaur is almost dead.
You barely miss the orc. You hit the orc wizard. You hit the iguana.
The centaur completely misses you.
The orc wizard begins to cast a cantrip, but forgets the words!
The iguana bites you!
You die...

##.. ..# ...
..##...##. ..##...
........##.......
..................
.................
##...........#....
#..#.....o†(....#
## ...#...l@.#.#
....#.#(..c#o......
#....÷(......>....
.....##<.###5.#.##.
.>.(....## .## .#
.....##.. ## # ....
#... ... ..#.. ..
##.##.


You could see a centaur, an iguana, an orc wizard, a crimson imp and an orc.

Vanquished Creatures
  An ogre (D:4)
  A howler monkey (D:4)
  An orc priest (D:4)
  3 orc wizards (D:4)
  An iguana (D:4)
  4 worker ants
  3 gnolls
  8 adders
  An ooze (D:4)
  4 dart slugs
  4 leopard geckos
  10 orcs
  5 giant cockroaches
  5 goblins
  9 hobgoblins
  3 jackals (D:1)
  3 quokkas
  5 bats
  4 frilled lizards
  4 kobolds
  13 rats
92 creatures vanquished.

Notes
Turn   | Place    | Note
-------+----------+-------------------------------------------
     0 | Abyss:1  | Gargoyl the Centaur Abyssal Knight began the quest for the
                  | Orb.
     0 | Abyss:1  | Reached XP level 1. HP: 19/19 MP: 2/2
   110 | Abyss:3  | Noticed a demonic crawler
   139 | Abyss:4  | Found a corrupted altar of Lugonu.
   161 | Abyss:4  | Found a corrupted altar of Lugonu.
   161 | Abyss:4  | Noticed an earth elemental
   204 | Abyss:5  | Entered Level 5 of the Abyss
   244 | Abyss:5  | Noticed a starcursed mass
   245 | D:1      | Escaped the Abyss
   565 | D:1      | Reached XP level 2. HP: 22/26 MP: 3/3
   568 | D:1      | Reached * piety under Lugonu
  1127 | D:1      | Reached skill level 1 in Dodging
  1278 | D:1      | Reached XP level 3. HP: 31/31 MP: 4/4
  2875 | D:3      | Reached ** piety under Lugonu
  2881 | D:3      | Reached XP level 4. HP: 36/38 MP: 5/5
  3209 | D:3      | HP: 1/38 [gnoll/spear (8)]
  4149 | D:3      | Reached XP level 5. HP: 33/45 MP: 5/7
  4821 | D:4      | Noticed an ogre
  4834 | D:4      | Killed an ogre
  4834 | D:4      | Reached XP level 6. HP: 10/52 MP: 8/8
  5737 | D:4      | Reached skill level 4 in Fighting
  5765 | D:5      | Entered Level 5 of the Dungeon
  5836 | D:4      | Reached XP level 7. HP: 34/59 MP: 9/9
  6201 | D:5      | Slain by an iguana

Skill      XL: |  1  2  3  4  5  6 |
---------------+-------------------+-----
Dodging        | 1 2 |  2.0
Armour         | 2 3 |  3.9
Axes           | 2 3 |  3.3
Invocations    | 3 |  3.4
Fighting       | 4 |  4.0

Action                   |  1- 3 |  4- 6 |  7- 9 || total
-------------------------+-------+-------+-------++-------
Melee: Hand axe          |   135 |   170 |    16 ||   321
       Kick              |    17 |    36 |     1 ||    54
Invok: Depart the Abyss  |     1 |       |       ||     1
  Use: Scroll            |    11 |     3 |       ||    14
       Potion            |     3 |     1 |       ||     4
  Eat: Chunk             |     4 |     5 |     1 ||    10
       Ration            |       |     1 |       ||     1
Armor: Leather armour    |    29 |       |       ||    29
       Plate armour      |    47 |   121 |    29 ||   197
Dodge: Dodged            |    48 |    36 |     9 ||    93
